 Dungeon Crawl Stone Soup version 0.28-a0-1435-g82390b3a13 (webtiles) character file.

Game seed: 10476969773341210329

168 ytrimaz the Insei (level 5, -3/34 HPs)
             Began as an Octopode Transmuter on Jan 9, 2022.
             Slain by an orc (5 damage)
             ... on level 3 of the Dungeon.
             The game lasted 00:02:48 (1885 turns).

ytrimaz the Insei (Octopode Transmuter)             Turns: 1885, Time: 00:02:49

Health: -3/34      AC:  5    Str: 10    XL:     5   Next: 49%
Magic:  7/9        EV: 13    Int: 17    God:
Gold:   128        SH:  0    Dex: 12    Spells: 4/10 levels left

rFire   . . .      SeeInvis .     - Unarmed
rCold   . . .      Faith    .   (no shield)
rNeg    . . .      Spirit   .   (helmet restricted)
rPois   .          Reflect  .   (no amulet)
rElec   .          Harm     .   c - +4 ring of protection
rCorr   .          Rampage  .   (no ring)
Will    .....                   (no ring)
Stlth   ++........              (no ring)
HPRegen 0.11/turn               (no ring)
MPRegen 0.11/turn               (no ring)
                                (no ring)
                                (no ring)

@: wereblooded
A: almost no armour, amphibious, 8 rings, camouflage 1, gelatinous body 1,
(nimble swimmer 1), tentacles
a: no special abilities


You were on level 3 of the Dungeon.
You visited 1 branch of the dungeon, and saw 3 of its levels.

You collected 128 gold pieces.

Inventory:

Jewellery
 c - a +4 ring of protection (left tentacle)
 f - a ring of fire
Wands
 i - a wand of paralysis (9)
Scrolls
 d - 2 scrolls of immolation
 e - a scroll of teleportation
Potions
 b - 3 potions of cancellation
 g - 2 potions of attraction {unknown}
 h - 2 potions of degeneration {unknown}


   Skills:
 * Level 1.8 Fighting
 * Level 2.6 Dodging
 + Level 3.8 Unarmed Combat
 * Level 3.0 Spellcasting
 * Level 2.9 Transmutations
 * Level 1.5 Poison Magic


You had 4 spell levels left.
You knew the following spells:

 Your Spells              Type           Power      Damage    Failure   Level
a - Beastly Appendage     Tmut           24%        N/A       5%          1
b - Wereblood             Tmut           12%        N/A       8%          2
c - Spider Form           Tmut/Pois      10%        N/A       22%         3

Your spell library contained the following spells:

 Spells                   Type           Power      Damage    Failure   Level
 Ice Form                 Ice/Tmut       7%         N/A       67%         4
 Summon Forest            Summ/Tloc      1%         N/A       99%         5
 Summon Mana Viper        Hex/Summ       2%         N/A       99%         5
 Summon Cactus Giant      Summ           1%         N/A       100%        6


Dungeon Overview and Level Annotations

Branches:
Dungeon (3/15)

Altars:

Shops:
D:2 (


Innate Abilities, Weirdness & Mutations

You cannot wear most types of armour.
You are amphibious.
You can wear up to eight rings at the same time.
Your skin changes colour to match your surroundings (Stealth+).
Your rubbery body absorbs attacks. (AC +1, EV +1)
((You are camouflaged when in or above water. (Stealth+)))
You have tentacles for arms and can constrict up to eight enemies at once.


Message History

The orc hits you with a +0 war axe.
You tentacle-slap the orc. Your grab misses the orc.
The orc is moderately wounded.
The orc closely misses you.
An orc priest comes into view. It is wielding a +0 club.
Casting: Beastly Appendage (safe; 5% risk of failure)
Confirm with . or Enter, or press ? or * to list all spells.
Your blood is infused with primal strength.
An orc comes into view. It is wielding a +0 hand axe.
The orc closely misses you.
Unknown command.
The orc shouts!
You tentacle-slap the orc.
You feel a bit better.
You kill the orc!
The orc priest invokes the aid of Beogh against you.
Pain shoots through your body!
Your Spellcasting skill increases to level 3!
The orc priest barely misses you.
You see here a +0 war axe.
An orc wizard comes into view. It is wielding a +0 dagger.
An orc comes into view. It is wielding a +0 whip.
The orc priest barely misses you.
The orc shouts!
You tentacle-slap the orc priest but do no damage.
Your grab misses the orc priest. You squeeze the orc priest!
The orc priest is severely wounded.
The orc priest misses you.
You closely miss the orc priest. You grab the orc priest.
You squeeze the orc priest.
The orc priest is almost dead.
You constrict the orc priest.
The orc priest invokes the aid of Beogh against you.
Pain shoots through your body!
You tentacle-slap the orc priest.
You feel a bit better.
You kill the orc priest!
The orc priest mumbles some strange prayers to Beogh against you.
Beogh smites you!
* * * LOW HITPOINT WARNING * * *
The orc hits you with a +0 hand axe.
You die...

..######
.......#...#.......#
#.####.#...#.......#
#....# #...#.#...#.#
####.# #...#.......# #.#
.......o... #.# #...
...o# ####.####.#####oo#
...............#@#
####.####.####†#.#
........#.# #.#)#
........#.# #)#.##
........#.# #.#..# #
........#.#..#.##.#.##.#
........#.#.....).)....#
........#.##.#.##...####
.....#### ...#........#


You could see an orc priest, an orc wizard and 2 orcs.

Vanquished Creatures
  An orc priest (D:3)
  2 iguanas (D:3)
  A hound skeleton (D:2)
  An adder (D:2)
  A worm (D:2)
  A dart slug (D:2)
  5 orcs (D:3)
  8 ball pythons
  4 endoplasms
  A giant cockroach (D:2)
  4 goblins
  7 hobgoblins
  2 jackals (D:1)
  4 quokkas
  5 bats
  2 frilled lizards
  2 kobolds (D:1)
  5 rats
56 creatures vanquished.

Notes
Turn   | Place    | Note
-------+----------+-------------------------------------------
     0 | D:1      | ytrimaz the Octopode Transmuter began the quest for the
                  | Orb.
     0 | D:1      | Reached XP level 1. HP: 13/13 MP: 3/3
   276 | D:1      | Reached XP level 2. HP: 18/18 MP: 3/5
   722 | D:1      | Reached XP level 3. HP: 21/23 MP: 4/6
   727 | D:1      | Learned a level 2 spell: Wereblood
   731 | D:1      | Learned a level 3 spell: Spider Form
  1234 | D:2      | Reached XP level 4. HP: 28/28 MP: 5/7
  1270 | D:2      | Found Fiumugh's Weapon Shoppe.
  1551 | D:3      | Reached skill level 1 in Poison Magic
  1855 | D:3      | Reached XP level 5. HP: 26/34 MP: 9/9
  1885 | D:3      | Slain by an orc

Illustrated notes

Levels and vault maps discovered:
D:1:      wander_arrival_chamber, layout_rooms, minmay_quantized
D:2:      layout_rooms, serial_shops, shop
D:3:      cheibrodos_pilgrimage, layout_basic, shapermc_ecumenical_altar_pompeii

Skill      XL: |  1  2  3  4  5 |
---------------+----------------+-----
Poison Magic   | 1 |  1.5
Spellcasting   | 3 |  3.0
Fighting       | |  1.8
Dodging        | |  2.6
Unarmed Combat | |  3.8
Transmutations | |  2.9

Action                   |  1- 3 |  4- 6 || total
-------------------------+-------+-------++-------
Melee: Unarmed           |    58 |    61 ||   119
       Constrict         |    17 |    16 ||    33
       Kick              |    15 |    12 ||    27
       Tentacles         |    10 |    13 ||    23
       Punch             |       |     1 ||     1
 Cast: Beastly Appendage |    22 |     6 ||    28
       Spider Form       |       |     1 ||     1
       Wereblood         |       |     1 ||     1
  Use: Scroll            |     5 |     3 ||     8
 Stab: Sleeping          |     4 |       ||     4
Armor: Skin              |    11 |    13 ||    24
Dodge: Dodged            |    43 |    50 ||    93

Table legend: (Time is in decaauts)
 A = Elapsed time spent in this place.
 B = Non-inter-level travel time spent in this place.
 C = Inter-level travel time spent in this place.
 D = Time resting spent in this place.
 E = Time spent auto-exploring this place.
 F = Levels seen in this place.
 G = Mean time per level.
                   A        B        C        D        E       F      G
               +--------+--------+--------+--------+--------+-----+--------+
         Total |   1876 |   1852 |     24 |      2 |   1417 |   3 |  625.3 |
       Dungeon |   1876 |   1852 |     24 |      2 |   1417 |   3 |  625.3 |
               +--------+--------+--------+--------+--------+-----+--------+

Top non-repeatable levels by time:
     D:1: 866 daAuts
     D:2: 658 daAuts
     D:3: 352 daAuts
